 Dungeon Crawl Stone Soup version 0.29.1-15-g9cfb28693d (webtiles) character file.

Game seed: 14098721339556505778

5331 BuddhaDhamma the Severer (level 10, 0/77 HPs)
             Began as a Minotaur Berserker on Mar 8, 2023.
             Was an Elder of Trog.
             Slain by a hornet (2 damage)
             ... on level 9 of the Dungeon.
             The game lasted 00:16:36 (8738 turns).

BuddhaDhamma the Severer (Minotaur Berserker)       Turns: 8738, Time: 00:16:36

Health: 0/77       AC: 14    Str: 26    XL:     10   Next: 38%
Magic:  9/9        EV: 14    Int:  4    God:    Trog [****..]
Gold:   435        SH:  0    Dex: 10    Spells: 9/9 levels left

rFire   . . .      SeeInvis .   D - +0 battleaxe
rCold   + . .      Faith    .   (shield currently unavailable)
rNeg    + . .      Spirit   .   r - +4 scale mail {rC+}
rPois   .          Reflect  .   (helmet restricted)
rElec   .          Harm     .   C - +0 cloak
rCorr   .          Rampage  +   (no gloves)
Will    .....                   t - +2 pair of boots {rampage}
Stlth   ..........              (no amulet)
HPRegen 0.22/turn               f - ring of positive energy
MPRegen 0.11/turn               m - +4 ring of evasion

@: lethally poisoned (0 -> -5), slowed, very slow
A: horns 2, retaliatory headbutt
a: Renounce Religion, Berserk, Trog's Hand, Brothers in Arms


You were on level 9 of the Dungeon.
You worshipped Trog.
Trog was greatly pleased with you.
You visited 1 branch of the dungeon, and saw 9 of its levels.

You collected 435 gold pieces.

Inventory:

Hand Weapons
 D - a +0 battleaxe (weapon)
Missiles
 p - 9 poisoned darts (quivered)
Armour
 r - a +4 scale mail of cold resistance (worn)
 t - a +2 pair of boots of rampaging (worn)
 x - a +0 plate armour
 C - a +0 cloak (worn)
Jewellery
 f - a ring of positive energy (left hand)
 m - a +4 ring of evasion (right hand)
 s - a ring of ice
 A - a ring of protection from fire
Wands
 a - a wand of quicksilver (10)
 j - a wand of digging (6)
 n - a wand of mindburst (21)
 w - a wand of paralysis (36)
 y - a wand of polymorph (7)
 B - a wand of flame (35)
 F - a wand of roots (13)
Scrolls
 c - 2 scrolls of identify
 e - 8 scrolls of teleportation
 i - a scroll of poison
 u - 2 scrolls of butterflies
 v - 3 scrolls of magic mapping
 G - a scroll of silence {unknown}
Potions
 b - 3 potions of curing
 d - 2 potions of flight
 g - a potion of magic
 h - 2 potions of resistance
 k - 2 potions of might
 l - a potion of ambrosia
 o - 2 potions of haste
 q - a potion of degeneration
 z - a potion of attraction {unknown}
 E - a potion of lignification {unknown}


   Skills:
 - Level 3.6 Fighting
 + Level 18.2 Axes
 - Level 2.4 Armour
 - Level 2.1 Dodging


You had 9 spell levels left.
You didn't know any spells.
Your spell library was empty.

Dungeon Overview and Level Annotations

Branches:
Dungeon (9/15)             Temple (0/1) D:6            Lair (0/5) D:9
    Orc (0/2) D:9

Altars:
Sif Muna
Wu Jian

Shops:
D:1 ?   D:5 *


Innate Abilities, Weirdness & Mutations

You have a pair of horns on your head.
You reflexively headbutt those who attack you in melee.


Message History

An orc comes into view. It is wielding a +0 whip.
The orc shouts!
The electric eel shoots out a bolt of lightning at you!
The bolt of electricity hits the plant!
The plant begins to die.
The bolt of electricity hits you!
The orc throws a boomerang.
The boomerang misses you. The kobold brigand closely misses you.
You furiously retaliate!
You headbutt the kobold brigand!
The kobold brigand hits you with a +0 dagger.
The electric eel shoots out a bolt of lightning at you!
The bolt of electricity hits the plant.
The bolt of electricity hits you.
The electric eel shoots out a bolt of lightning at you!
The bolt of electricity misses you.
The orc wizard mumbles some strange words.
The orc wizard flickers and vanishes!
Deactivating autopickup; reactivate with Ctrl-A.
The kobold brigand closely misses you. The kobold attacks as you move away!
The kobold hits you with a +0 whip.
The kobold brigand attacks as you move away!
The kobold brigand completely misses you.
Things that are here:
a +0 dagger; a stone The kobold attacks as you move away!
The kobold hits you but does no damage.
A puff of flame appears from out of thin air!
The puff of flame misses you. The hornet stings you.
You are poisoned.
You feel yourself slow down.
You feel very sick. The hornet stings you.
* * * LOW HITPOINT WARNING * * *
You feel as though you will be slow longer.
You feel very sick. The hornet stings you!
* * * LOW HITPOINT WARNING * * *
You feel as though you will be slow longer.
The hornet stings you.
* * * LOW HITPOINT WARNING * * *
You feel as though you will be slow longer.
Items here: (( ))) ††.
The hornet attacks as you move away! The hornet stings you.
You die...

#....~o≈≈≈~P..## #..####
#..~.o≈≈≈P~~...# #......
...o≈o≈~P......# #.#####
.~.o≈≈≈P~~..#..# #.#
..~≈≈≈≈≈.......#.# #.#
..~≈≈≈~~S.# #..#.# #.#
.~≈≈≈≈~~S.###..#.# #.#
..≈≈≈≈≈...Ky...#.## #.#
..≈≈≈~P~.#K#@#....## #<#
~~≈≈≈≈.....#)#.....####.#
.o≈≈≈~....##.#.........^#
.~≈≈~≈..####.#.....######
..≈~~~~.# #..#...##
.P~~~~..# ##.##.##
..~~≈..## #.##.# #.##.#
#.##.#


You could see a hornet, a kobold brigand, 2 electric eels and an orc.

Vanquished Creatures
  A two-headed ogre (D:8)
  Maggie (D:6)
  Psyche (D:9)
  The ghost of BuddhaDhamma the Cleaver, an amateur MiBe of Trog (D:5)
  Prince Ribbit (D:9)
  A wyvern (D:8)
  Sigmund (D:2)
  Eustachio (D:5)
  5 yaks (D:8)
  A steam dragon (D:8)
  Menkaure (D:6)
  Edmund (D:4)
  An acid dragon (D:9)
  A water moccasin (D:5)
  3 sky beasts
  An orc warrior (D:7)
  2 ice beasts
  Blork the orc (D:6)
  A kobold brigand (D:6)
  3 bullfrogs
  2 scorpions
  2 necrophages
  A howler monkey (D:5)
  2 electric eels (D:9)
  5 hounds
  A jelly (D:7)
  2 orc priests (D:5)
  Crazy Yiuf (D:5)
  Jessica (D:2)
  3 iguanas (D:6)
  Terence (D:3)
  10 orc wizards
  5 gnolls
  6 adders
  2 ufetubi (D:5)
  3 worms
  2 dart slugs
  13 orcs
  7 bats
  5 endoplasms
  6 giant cockroaches
  5 goblins
  7 hobgoblins
  4 quokkas
  2 ball pythons
  5 frilled lizards
  14 kobolds
  A rat (D:1)
147 creatures vanquished.

Vanquished Creatures (others)
  A kobold (D:9)
  7 plants (D:9)
8 creatures vanquished.

Grand Total: 155 creatures vanquished

Notes
Turn   | Place    | Note
-------+----------+-------------------------------------------
     0 | D:1      | BuddhaDhamma the Minotaur Berserker began the quest for the
                  | Orb.
     0 | D:1      | Reached XP level 1. HP: 19/19 MP: 0/0
    36 | D:1      | Found a faded altar of an unknown god.
   348 | D:1      | Reached skill level 4 in Axes
   456 | D:1      | Reached XP level 2. HP: 23/26 MP: 1/1
   953 | D:1      | Reached skill level 5 in Axes
  1184 | D:1      | Found Cogoops's Magic Scroll Boutique.
  1477 | D:1      | Reached XP level 3. HP: 30/30 MP: 2/2
  2018 | D:2      | Noticed Sigmund
  2046 | D:2      | Killed Sigmund
  2047 | D:2      | Reached skill level 7 in Axes
  2047 | D:2      | Reached XP level 4. HP: 39/39 MP: 3/3
  2047 | D:2      | Reached XP level 5. HP: 45/45 MP: 4/4
  2187 | D:2      | Reached ** piety under Trog
  2188 | D:2      | Noticed Jessica
  2201 | D:2      | Killed Jessica
  3006 | D:3      | Reached skill level 8 in Axes
  3108 | D:3      | Noticed Terence
  3117 | D:3      | Killed Terence
  3248 | D:3      | Reached XP level 6. HP: 51/51 MP: 5/5
  3682 | D:4      | Noticed Edmund
  3765 | D:4      | Killed Edmund
  3766 | D:4      | Reached skill level 9 in Axes
  3862 | D:4      | Reached XP level 7. HP: 49/57 MP: 6/6
  3867 | D:4      | Reached skill level 10 in Axes
  4227 | D:5      | Entered Level 5 of the Dungeon
  4322 | D:5      | Found Rafrihik's Elemental Accessories.
  4547 | D:5      | Found a runed translucent gate.
  4547 | D:5      | Found a runed translucent gate.
  4547 | D:5      | Found a runed translucent gate.
  4548 | D:5      | Noticed BuddhaDhamma's ghost (amateur MiBe)
  4580 | D:5      | Noticed Eustachio
  4590 | D:5      | Killed Eustachio
  4591 | D:5      | Reached skill level 11 in Axes
  4607 | D:5      | Reached XP level 8. HP: 49/64 MP: 7/7
  4927 | D:5      | Found a runed translucent door.
  4928 | D:5      | Identified the +7 hammer of Sloth {protect, Fly rPois
                  | Will+}
  4928 | D:5      | Noticed Crazy Yiuf
  4934 | D:5      | Killed Crazy Yiuf
  5305 | D:5      | Reached skill level 12 in Axes
  5324 | D:5      | Identified the +5 ring mail "Nainkoi" {rF+ Dex+6}
  5639 | D:5      | Killed BuddhaDhamma's ghost
  5708 | D:6      | Reached skill level 13 in Axes
  5724 | D:6      | Found a staircase to the Ecumenical Temple.
  5808 | D:6      | Noticed Blork the orc
  5815 | D:6      | Killed Blork the orc
  5829 | D:6      | Reached *** piety under Trog
  5893 | D:6      | Identified the +1 robe "Idos" {rN++ Dex-5}
  5922 | D:6      | Reached skill level 14 in Axes
  6017 | D:6      | Noticed Maggie
  6051 | D:6      | Killed Maggie
  6052 | D:6      | Reached XP level 9. HP: 53/70 MP: 8/8
  6145 | D:6      | Found an ornate altar of the Wu Jian Council.
  6319 | D:6      | Noticed Menkaure
  6323 | D:6      | Killed Menkaure
  6758 | D:7      | Reached skill level 15 in Axes
  6771 | D:7      | Found a shimmering blue altar of Sif Muna.
  7578 | D:8      | Reached skill level 16 in Axes
  7838 | D:8      | Reached skill level 17 in Axes
  7838 | D:8      | Reached XP level 10. HP: 77/77 MP: 9/9
  7983 | D:8      | Noticed a two-headed ogre
  7995 | D:8      | Killed a two-headed ogre
  8278 | D:9      | Noticed Prince Ribbit
  8290 | D:9      | Killed Prince Ribbit
  8372 | D:9      | Found a staircase to the Lair.
  8396 | D:9      | Reached **** piety under Trog
  8419 | D:9      | Noticed Psyche
  8442 | D:9      | Killed Psyche
  8443 | D:9      | Reached skill level 18 in Axes
  8659 | D:9      | Found a staircase to the Orcish Mines.
  8737 | D:9      | HP: 2/77 [hornet (6)]
  8738 | D:9      | Slain by a hornet

Illustrated notes

Levels and vault maps discovered:
D:1:      dpeg_arrival_rooms_a, layout_basic, hellmonk_ecumenical_altar_blasted,
          serial_shops, nicolae_shop_crystal, minmay_tripent
D:2:      layout_basic, uniq_sigmund, uniq_jessica
D:3:      layout_basic, minmay_misc_feat_columns, uniq_terence
D:4:      layout_rooms, uniq_edmund
D:5:      layout_basic, ebering_ghost_rock_garden, nicolae_elemental_shop,
          nrook_uturn, uniq_crazy_yiuf_cottage, uniq_eustachio
D:6:      layout_basic, nzn_wu_jian_contemplation,
          minmay_temple_entry_statues_pillars, uniq_blork_the_orc, uniq_maggie,
          uniq_menkaure
D:7:      layout_rooms, mainiacjoe_overflow_cross_hatched,
          chequers_serial_rivers_room_a, ebering_dispersal_statue_hall
D:8:      layout_gridville, hangedman_abyss_or_decor_clamps
D:9:      layout_loops_ring, dpeg_oklobed_lair, chequers_big_river,
          nicolae_water_bricks, minivault_14, uniq_psyche, uniq_gastronok,
          uniq_prince_ribbit1

Skill      XL: |  1  2  3  4  5  6  7  8  9 10 |
---------------+-------------------------------+-----
Axes           | 4 5 7 8 9 11 14 17 18 | 18.2
Fighting       | |  3.6
Armour         | |  2.4
Dodging        | |  2.1

Action                   |  1- 3 |  4- 6 |  7- 9 | 10-12 || total
-------------------------+-------+-------+-------+-------++-------
Melee: Hand axe          |    62 |    78 |   186 |       ||   326
       Headbutt          |     9 |    12 |    54 |     7 ||    82
       Punch             |       |     1 |     1 |       ||     2
       Broad axe         |       |       |    61 |       ||    61
       Battleaxe         |       |       |    43 |    61 ||   104
Throw: Dart              |       |     3 |    17 |     6 ||    26
Invok: Berserk           |     1 |     3 |     4 |       ||     8
Evoke: Wand              |       |       |       |     2 ||     2
  Use: Scroll            |       |     8 |     7 |     2 ||    17
       Potion            |       |       |     2 |       ||     2
Armor: Ring mail         |    16 |       |       |       ||    16
       Animal skin       |     1 |       |       |       ||     1
       Scale mail        |       |    26 |    82 |    28 ||   136
Dodge: Dodged            |    47 |    62 |   119 |    34 ||   262
